 Dungeon Crawl Stone Soup version 0.30-a0-310-g7d6cbdfea6 (webtiles) character file.

Game seed: 17197022872337271608

42 ryw the Trooper (level 3, -4/31 HPs)
             Began as a Demonspawn Monk on Oct 25, 2022.
             Slain by Natasha (10 damage)
             ... on level 2 of the Dungeon.
             The game lasted 00:02:56 (1281 turns).

ryw the Trooper (Demonspawn Monk)                   Turns: 1281, Time: 00:02:57

Health: -4/31      AC: -1    Str: 11    XL:     3   Next: 35%
Magic:  13/13      EV: 12    Int: 18    God:
Gold:   81         SH:  0    Dex: 15    Spells: 3/3 levels left

rFire   . . .      SeeInvis .    f - +0 rapier
rCold   . . .      Faith    +    (no shield)
rNeg    . . .      Spirit   .    a - +0 robe
rPois   .          Reflect  .    (no helmet)
rElec   .          Harm     .    s - +0 cloak "Emaulemm" {*Corrode +Inv MP+9 Int+5}
rCorr   .          Rampage  .    (no gloves)
Will    .....                    (no boots)
Stlth   ++........               m - amulet of faith
HPRegen 0.25/turn                n - ring of wizardry
MPRegen 0.26/turn                (no ring)

@: corroded, slowed, very slow
A: magic regeneration
a: Evoke Invisibility


You were on level 2 of the Dungeon.
You visited 1 branch of the dungeon, and saw 2 of its levels.

You collected 81 gold pieces.

Inventory:

Hand Weapons
 f - a +0 rapier (weapon)
Missiles
 d - 6 atropa-tipped darts (quivered)
 o - 4 poisoned darts
Armour
 a - a +0 robe (worn)
 s - the +0 cloak "Emaulemm" (worn) {*Corrode +Inv MP+9 Int+5}
   (You found it on level 2 of the Dungeon)

   Int:       It affects your intelligence (+5).
   MP:        It affects your magic capacity (+9).
   +Inv:      It lets you turn invisible.
   *Corrode:  It may corrode you when you take damage.
Jewellery
 g - a ring of flight
 k - a ring of protection from fire
 m - an amulet of faith (around neck)
 n - a ring of wizardry (left hand)
 p - a ring of fire
Scrolls
 h - a scroll of fear {unknown}
 i - 3 scrolls of identify {unknown}
 j - a scroll of teleportation {unknown}
 l - a scroll of enchant weapon {unknown}
 q - a scroll of butterflies {unknown}
 r - a scroll of silence {unknown}
Potions
 b - a potion of ambrosia
 c - 2 potions of attraction {unknown}
 e - 3 potions of mutation {unknown}


   Skills:
 - Level 4.3 Fighting
 - Level 2.6 Dodging
 - Level 1.7 Stealth
 - Level 2.6 Unarmed Combat
 + Level 0.6 Spellcasting


You had 3 spell levels left.
You didn't know any spells.
Your spell library was empty.

Dungeon Overview and Level Annotations

Branches:
Dungeon (2/15)

Altars:

Annotations:
D:2 Natasha


Innate Abilities, Weirdness & Mutations

You regenerate magic rapidly.


Message History

You puncture the hobgoblin!
You kill the hobgoblin!
No target in view!
No target in view!
Magic restored.
You now have 71 gold pieces (gained 6).
Found a stone staircase leading down.
You now have 81 gold pieces (gained 10).
i - 3 scrolls labelled NIFUXK GUYP (gained 1)
Found a robe.
Natasha, Servant of Life and Death comes into view.
Natasha hisses angrily.
Natasha stares at you and mumbles some strange words.
You feel yourself slow down.
Natasha stares at you and mumbles some strange words.
The magic dart hits you! Natasha casts a spell at you.
You resist with significant effort. Natasha misses you. Natasha claws you.
You miss Natasha. Natasha claws you. x2
You barely miss Natasha. Natasha misses you. Natasha barely misses you.
You barely miss Natasha.
Natasha casts a spell.
You closely miss Natasha. Natasha claws you.
Your corrosive artefact corrodes you!
Natasha barely misses you.
You miss Natasha. Natasha completely misses you. Natasha barely misses you.
You hit Natasha. Your punch misses Natasha.
Natasha is lightly wounded.
Natasha closely misses you. Natasha claws you.
You hit Natasha but do no damage.
Natasha is lightly wounded.
Natasha claws you!
* * * LOW HITPOINT WARNING * * *
Natasha claws you.
* * * LOW HITPOINT WARNING * * *
You hit Natasha but do no damage.
Natasha is lightly wounded.
The crimson imp puffs mist at you. Natasha claws you!
You die...

. #.....†...#
#..#########.## ...# #.#
##..# #.# .[.# #.# #..#
#.# #..# #.#
#..#########.#
#....@h5...#.# ##
#.########.#.# #.#
#.#....# #.#.#
#.###.#.##.# #.#.#
#....#.##.# #.#.#########
##.###.##.# #.#..........
##.##.##.# #.#...#######
##.###.##.###............
#......##.........#######


You could see Natasha and a crimson imp (summoned).

Vanquished Creatures
  An adder (D:2)
  2 ball pythons (D:1)
  4 giant cockroaches (D:2)
  3 hobgoblins
  A kobold (D:2)
  4 quokkas
  6 bats
  5 goblins
  4 rats
30 creatures vanquished.

Notes
Turn   | Place    | Note
-------+----------+-------------------------------------------
     0 | D:1      | ryw the Demonspawn Monk began the quest for the Orb.
     0 | D:1      | Reached XP level 1. HP: 18/18 MP: 1/1
   365 | D:1      | Gained mutation: You regenerate magic rapidly. [demonic
                  | ancestry]
   365 | D:1      | Reached XP level 2. HP: 20/24 MP: 2/2
   669 | D:1      | You fall into a shaft and drop 1 floor!
   697 | D:2      | Reached skill level 4 in Fighting
   811 | D:2      | Reached XP level 3. HP: 26/30 MP: 3/3
   857 | D:2      | Identified the +0 cloak "Emaulemm" {*Corrode +Inv MP+9
                  | Int+5}
  1269 | D:2      | Noticed Natasha
  1281 | D:2      | Slain by Natasha

Illustrated notes

Levels and vault maps discovered:
D:1:      nicolae_arrival_memento_mori, layout_basic,
          shapermc_ecumenical_altar_ellora
D:2:      layout_loops_ring, minmay_octomino_e4, uniq_natasha

Skill      XL: |  1  2 |
---------------+-------+-----
Fighting       | 4 |  4.3
Dodging        | |  2.6
Stealth        | |  1.7
Unarmed Combat | |  2.6
Spellcasting   | |  0.6

Action                   || total
-------------------------++-------
Melee: Unarmed           ||    38
       Rapier            ||    76
 Stab: Sleeping          ||     6
Armor: Robe              ||    27
Dodge: Dodged            ||    97

Table legend: (Time is in decaauts)
 A = Elapsed time spent in this place.
 B = Non-inter-level travel time spent in this place.
 C = Inter-level travel time spent in this place.
 D = Time resting spent in this place.
 E = Time spent auto-exploring this place.
 F = Levels seen in this place.
 G = Mean time per level.
                   A        B        C        D        E       F      G
               +--------+--------+--------+--------+--------+-----+--------+
         Total |   1298 |   1298 |      0 |    162 |    844 |   2 |  649.0 |
       Dungeon |   1298 |   1298 |      0 |    162 |    844 |   2 |  649.0 |
               +--------+--------+--------+--------+--------+-----+--------+

Top non-repeatable levels by time:
     D:1: 669 daAuts
     D:2: 629 daAuts
